%YAML 1.1
%TAG !u! tag:unity3d.com,2011:
--- !u!1 &4520315455120250909
GameObject:
  m_ObjectHideFlags: 0
  m_CorrespondingSourceObject: {fileID: 0}
  m_PrefabInstance: {fileID: 0}
  m_PrefabAsset: {fileID: 0}
  serializedVersion: 6
  m_Component:
  - component: {fileID: 639576207262771726}
  - component: {fileID: 8483442025029390392}
  - component: {fileID: 2776386674063879361}
  m_Layer: 0
  m_Name: SM_Thruster_C
  m_TagString: Untagged
  m_Icon: {fileID: 0}
  m_NavMeshLayer: 0
  m_StaticEditorFlags: 0
  m_IsActive: 1
--- !u!4 &639576207262771726
Transform:
  m_ObjectHideFlags: 0
  m_CorrespondingSourceObject: {fileID: 0}
  m_PrefabInstance: {fileID: 0}
  m_PrefabAsset: {fileID: 0}
  m_GameObject: {fileID: 4520315455120250909}
  m_LocalRotation: {x: 0, y: -0, z: -0, w: 1}
  m_LocalPosition: {x: 0, y: 0, z: 0}
  m_LocalScale: {x: 1, y: 1, z: 1}
  m_Children:
  - {fileID: 8848190058701815673}
  - {fileID: 3876790410053729524}
  - {fileID: 3541169135406386780}
  - {fileID: 145502885961854824}
  m_Father: {fileID: 0}
  m_RootOrder: 0
  m_LocalEulerAnglesHint: {x: 0, y: 0, z: 0}
--- !u!33 &8483442025029390392
MeshFilter:
  m_ObjectHideFlags: 0
  m_CorrespondingSourceObject: {fileID: 0}
  m_PrefabInstance: {fileID: 0}
  m_PrefabAsset: {fileID: 0}
  m_GameObject: {fileID: 4520315455120250909}
  m_Mesh: {fileID: 2612460556240275458, guid: 73932b030be7366488d3ad014d40d3cc, type: 3}
--- !u!23 &2776386674063879361
MeshRenderer:
  m_ObjectHideFlags: 0
  m_CorrespondingSourceObject: {fileID: 0}
  m_PrefabInstance: {fileID: 0}
  m_PrefabAsset: {fileID: 0}
  m_GameObject: {fileID: 4520315455120250909}
  m_Enabled: 1
  m_CastShadows: 1
  m_ReceiveShadows: 1
  m_DynamicOccludee: 1
  m_MotionVectors: 1
  m_LightProbeUsage: 1
  m_ReflectionProbeUsage: 1
  m_RenderingLayerMask: 1
  m_RendererPriority: 0
  m_Materials:
  - {fileID: 2100000, guid: 5648ef90eb6572846b727763601e3c10, type: 2}
  m_StaticBatchInfo:
    firstSubMesh: 0
    subMeshCount: 0
  m_StaticBatchRoot: {fileID: 0}
  m_ProbeAnchor: {fileID: 0}
  m_LightProbeVolumeOverride: {fileID: 0}
  m_ScaleInLightmap: 1
  m_ReceiveGI: 1
  m_PreserveUVs: 0
  m_IgnoreNormalsForChartDetection: 0
  m_ImportantGI: 0
  m_StitchLightmapSeams: 1
  m_SelectedEditorRenderState: 3
  m_MinimumChartSize: 4
  m_AutoUVMaxDistance: 0.5
  m_AutoUVMaxAngle: 89
  m_LightmapParameters: {fileID: 0}
  m_SortingLayerID: 0
  m_SortingLayer: 0
  m_SortingOrder: 0
--- !u!1001 &147171724309634378
PrefabInstance:
  m_ObjectHideFlags: 0
  serializedVersion: 2
  m_Modification:
    m_TransformParent: {fileID: 639576207262771726}
    m_Modifications:
    - target: {fileID: 1000012784148232, guid: 93170d2c6bae948ca90b9b8188e02816, type: 3}
      propertyPath: m_Name
      value: Engine (3)
      objectReference: {fileID: 0}
    - target: {fileID: 4000014107537954, guid: 93170d2c6bae948ca90b9b8188e02816, type: 3}
      propertyPath: m_LocalPosition.x
      value: 1.56
      objectReference: {fileID: 0}
    - target: {fileID: 4000014107537954, guid: 93170d2c6bae948ca90b9b8188e02816, type: 3}
      propertyPath: m_LocalPosition.y
      value: 0
      objectReference: {fileID: 0}
    - target: {fileID: 4000014107537954, guid: 93170d2c6bae948ca90b9b8188e02816, type: 3}
      propertyPath: m_LocalPosition.z
      value: -1.18
      objectReference: {fileID: 0}
    - target: {fileID: 4000014107537954, guid: 93170d2c6bae948ca90b9b8188e02816, type: 3}
      propertyPath: m_LocalRotation.x
      value: -0
      objectReference: {fileID: 0}
    - target: {fileID: 4000014107537954, guid: 93170d2c6bae948ca90b9b8188e02816, type: 3}
      propertyPath: m_LocalRotation.y
      value: -0
      objectReference: {fileID: 0}
    - target: {fileID: 4000014107537954, guid: 93170d2c6bae948ca90b9b8188e02816, type: 3}
      propertyPath: m_LocalRotation.z
      value: -0
      objectReference: {fileID: 0}
    - target: {fileID: 4000014107537954, guid: 93170d2c6bae948ca90b9b8188e02816, type: 3}
      propertyPath: m_LocalRotation.w
      value: 1
      objectReference: {fileID: 0}
    - target: {fileID: 4000014107537954, guid: 93170d2c6bae948ca90b9b8188e02816, type: 3}
      propertyPath: m_RootOrder
      value: 3
      objectReference: {fileID: 0}
    - target: {fileID: 4000014107537954, guid: 93170d2c6bae948ca90b9b8188e02816, type: 3}
      propertyPath: m_LocalEulerAnglesHint.x
      value: 0
      objectReference: {fileID: 0}
    - target: {fileID: 4000014107537954, guid: 93170d2c6bae948ca90b9b8188e02816, type: 3}
      propertyPath: m_LocalEulerAnglesHint.y
      value: 0
      objectReference: {fileID: 0}
    - target: {fileID: 4000014107537954, guid: 93170d2c6bae948ca90b9b8188e02816, type: 3}
      propertyPath: m_LocalEulerAnglesHint.z
      value: 0
      objectReference: {fileID: 0}
    - target: {fileID: 4000014107537954, guid: 93170d2c6bae948ca90b9b8188e02816, type: 3}
      propertyPath: m_LocalScale.x
      value: 10.114521
      objectReference: {fileID: 0}
    - target: {fileID: 4000014107537954, guid: 93170d2c6bae948ca90b9b8188e02816, type: 3}
      propertyPath: m_LocalScale.y
      value: 10.114521
      objectReference: {fileID: 0}
    - target: {fileID: 4000014107537954, guid: 93170d2c6bae948ca90b9b8188e02816, type: 3}
      propertyPath: m_LocalScale.z
      value: 10.114521
      objectReference: {fileID: 0}
    - target: {fileID: 198000012285952742, guid: 93170d2c6bae948ca90b9b8188e02816,
        type: 3}
      propertyPath: prewarm
      value: 1
      objectReference: {fileID: 0}
    - target: {fileID: 198000012285952742, guid: 93170d2c6bae948ca90b9b8188e02816,
        type: 3}
      propertyPath: startDelay.maxCurve.m_Curve.Array.data[0].value
      value: 0
      objectReference: {fileID: 0}
    - target: {fileID: 198000012285952742, guid: 93170d2c6bae948ca90b9b8188e02816,
        type: 3}
      propertyPath: startDelay.maxCurve.m_Curve.Array.data[1].value
      value: 0
      objectReference: {fileID: 0}
    m_RemovedComponents: []
  m_SourcePrefab: {fileID: 100100000, guid: 93170d2c6bae948ca90b9b8188e02816, type: 3}
--- !u!4 &145502885961854824 stripped
Transform:
  m_CorrespondingSourceObject: {fileID: 4000014107537954, guid: 93170d2c6bae948ca90b9b8188e02816,
    type: 3}
  m_PrefabInstance: {fileID: 147171724309634378}
  m_PrefabAsset: {fileID: 0}
--- !u!1001 &3542916103573372030
PrefabInstance:
  m_ObjectHideFlags: 0
  serializedVersion: 2
  m_Modification:
    m_TransformParent: {fileID: 639576207262771726}
    m_Modifications:
    - target: {fileID: 1000012784148232, guid: 93170d2c6bae948ca90b9b8188e02816, type: 3}
      propertyPath: m_Name
      value: Engine (2)
      objectReference: {fileID: 0}
    - target: {fileID: 4000014107537954, guid: 93170d2c6bae948ca90b9b8188e02816, type: 3}
      propertyPath: m_LocalPosition.x
      value: -1.61
      objectReference: {fileID: 0}
    - target: {fileID: 4000014107537954, guid: 93170d2c6bae948ca90b9b8188e02816, type: 3}
      propertyPath: m_LocalPosition.y
      value: 0
      objectReference: {fileID: 0}
    - target: {fileID: 4000014107537954, guid: 93170d2c6bae948ca90b9b8188e02816, type: 3}
      propertyPath: m_LocalPosition.z
      value: -1.18
      objectReference: {fileID: 0}
    - target: {fileID: 4000014107537954, guid: 93170d2c6bae948ca90b9b8188e02816, type: 3}
      propertyPath: m_LocalRotation.x
      value: -0
      objectReference: {fileID: 0}
    - target: {fileID: 4000014107537954, guid: 93170d2c6bae948ca90b9b8188e02816, type: 3}
      propertyPath: m_LocalRotation.y
      value: -0
      objectReference: {fileID: 0}
    - target: {fileID: 4000014107537954, guid: 93170d2c6bae948ca90b9b8188e02816, type: 3}
      propertyPath: m_LocalRotation.z
      value: -0
      objectReference: {fileID: 0}
    - target: {fileID: 4000014107537954, guid: 93170d2c6bae948ca90b9b8188e02816, type: 3}
      propertyPath: m_LocalRotation.w
      value: 1
      objectReference: {fileID: 0}
    - target: {fileID: 4000014107537954, guid: 93170d2c6bae948ca90b9b8188e02816, type: 3}
      propertyPath: m_RootOrder
      value: 2
      objectReference: {fileID: 0}
    - target: {fileID: 4000014107537954, guid: 93170d2c6bae948ca90b9b8188e02816, type: 3}
      propertyPath: m_LocalEulerAnglesHint.x
      value: 0
      objectReference: {fileID: 0}
    - target: {fileID: 4000014107537954, guid: 93170d2c6bae948ca90b9b8188e02816, type: 3}
      propertyPath: m_LocalEulerAnglesHint.y
      value: 0
      objectReference: {fileID: 0}
    - target: {fileID: 4000014107537954, guid: 93170d2c6bae948ca90b9b8188e02816, type: 3}
      propertyPath: m_LocalEulerAnglesHint.z
      value: 0
      objectReference: {fileID: 0}
    - target: {fileID: 4000014107537954, guid: 93170d2c6bae948ca90b9b8188e02816, type: 3}
      propertyPath: m_LocalScale.x
      value: 10.114521
      objectReference: {fileID: 0}
    - target: {fileID: 4000014107537954, guid: 93170d2c6bae948ca90b9b8188e02816, type: 3}
      propertyPath: m_LocalScale.y
      value: 10.114521
      objectReference: {fileID: 0}
    - target: {fileID: 4000014107537954, guid: 93170d2c6bae948ca90b9b8188e02816, type: 3}
      propertyPath: m_LocalScale.z
      value: 10.114521
      objectReference: {fileID: 0}
    - target: {fileID: 198000012285952742, guid: 93170d2c6bae948ca90b9b8188e02816,
        type: 3}
      propertyPath: prewarm
      value: 1
      objectReference: {fileID: 0}
    - target: {fileID: 198000012285952742, guid: 93170d2c6bae948ca90b9b8188e02816,
        type: 3}
      propertyPath: startDelay.maxCurve.m_Curve.Array.data[0].value
      value: 0
      objectReference: {fileID: 0}
    - target: {fileID: 198000012285952742, guid: 93170d2c6bae948ca90b9b8188e02816,
        type: 3}
      propertyPath: startDelay.maxCurve.m_Curve.Array.data[1].value
      value: 0
      objectReference: {fileID: 0}
    m_RemovedComponents: []
  m_SourcePrefab: {fileID: 100100000, guid: 93170d2c6bae948ca90b9b8188e02816, type: 3}
--- !u!4 &3541169135406386780 stripped
Transform:
  m_CorrespondingSourceObject: {fileID: 4000014107537954, guid: 93170d2c6bae948ca90b9b8188e02816,
    type: 3}
  m_PrefabInstance: {fileID: 3542916103573372030}
  m_PrefabAsset: {fileID: 0}
--- !u!1001 &3873963931338624726
PrefabInstance:
  m_ObjectHideFlags: 0
  serializedVersion: 2
  m_Modification:
    m_TransformParent: {fileID: 639576207262771726}
    m_Modifications:
    - target: {fileID: 1000012784148232, guid: 93170d2c6bae948ca90b9b8188e02816, type: 3}
      propertyPath: m_Name
      value: Engine (1)
      objectReference: {fileID: 0}
    - target: {fileID: 4000014107537954, guid: 93170d2c6bae948ca90b9b8188e02816, type: 3}
      propertyPath: m_LocalPosition.x
      value: 0.66
      objectReference: {fileID: 0}
    - target: {fileID: 4000014107537954, guid: 93170d2c6bae948ca90b9b8188e02816, type: 3}
      propertyPath: m_LocalPosition.y
      value: 0
      objectReference: {fileID: 0}
    - target: {fileID: 4000014107537954, guid: 93170d2c6bae948ca90b9b8188e02816, type: 3}
      propertyPath: m_LocalPosition.z
      value: -1.18
      objectReference: {fileID: 0}
    - target: {fileID: 4000014107537954, guid: 93170d2c6bae948ca90b9b8188e02816, type: 3}
      propertyPath: m_LocalRotation.x
      value: -0
      objectReference: {fileID: 0}
    - target: {fileID: 4000014107537954, guid: 93170d2c6bae948ca90b9b8188e02816, type: 3}
      propertyPath: m_LocalRotation.y
      value: -0
      objectReference: {fileID: 0}
    - target: {fileID: 4000014107537954, guid: 93170d2c6bae948ca90b9b8188e02816, type: 3}
      propertyPath: m_LocalRotation.z
      value: -0
      objectReference: {fileID: 0}
    - target: {fileID: 4000014107537954, guid: 93170d2c6bae948ca90b9b8188e02816, type: 3}
      propertyPath: m_LocalRotation.w
      value: 1
      objectReference: {fileID: 0}
    - target: {fileID: 4000014107537954, guid: 93170d2c6bae948ca90b9b8188e02816, type: 3}
      propertyPath: m_RootOrder
      value: 1
      objectReference: {fileID: 0}
    - target: {fileID: 4000014107537954, guid: 93170d2c6bae948ca90b9b8188e02816, type: 3}
      propertyPath: m_LocalEulerAnglesHint.x
      value: 0
      objectReference: {fileID: 0}
    - target: {fileID: 4000014107537954, guid: 93170d2c6bae948ca90b9b8188e02816, type: 3}
      propertyPath: m_LocalEulerAnglesHint.y
      value: 0
      objectReference: {fileID: 0}
    - target: {fileID: 4000014107537954, guid: 93170d2c6bae948ca90b9b8188e02816, type: 3}
      propertyPath: m_LocalEulerAnglesHint.z
      value: 0
      objectReference: {fileID: 0}
    - target: {fileID: 4000014107537954, guid: 93170d2c6bae948ca90b9b8188e02816, type: 3}
      propertyPath: m_LocalScale.x
      value: 20.448248
      objectReference: {fileID: 0}
    - target: {fileID: 4000014107537954, guid: 93170d2c6bae948ca90b9b8188e02816, type: 3}
      propertyPath: m_LocalScale.y
      value: 20.448248
      objectReference: {fileID: 0}
    - target: {fileID: 4000014107537954, guid: 93170d2c6bae948ca90b9b8188e02816, type: 3}
      propertyPath: m_LocalScale.z
      value: 20.448248
      objectReference: {fileID: 0}
    - target: {fileID: 198000012285952742, guid: 93170d2c6bae948ca90b9b8188e02816,
        type: 3}
      propertyPath: prewarm
      value: 1
      objectReference: {fileID: 0}
    - target: {fileID: 198000012285952742, guid: 93170d2c6bae948ca90b9b8188e02816,
        type: 3}
      propertyPath: startDelay.maxCurve.m_Curve.Array.data[0].value
      value: 0
      objectReference: {fileID: 0}
    - target: {fileID: 198000012285952742, guid: 93170d2c6bae948ca90b9b8188e02816,
        type: 3}
      propertyPath: startDelay.maxCurve.m_Curve.Array.data[1].value
      value: 0
      objectReference: {fileID: 0}
    m_RemovedComponents: []
  m_SourcePrefab: {fileID: 100100000, guid: 93170d2c6bae948ca90b9b8188e02816, type: 3}
--- !u!4 &3876790410053729524 stripped
Transform:
  m_CorrespondingSourceObject: {fileID: 4000014107537954, guid: 93170d2c6bae948ca90b9b8188e02816,
    type: 3}
  m_PrefabInstance: {fileID: 3873963931338624726}
  m_PrefabAsset: {fileID: 0}
--- !u!1001 &8846512258850327899
PrefabInstance:
  m_ObjectHideFlags: 0
  serializedVersion: 2
  m_Modification:
    m_TransformParent: {fileID: 639576207262771726}
    m_Modifications:
    - target: {fileID: 1000012784148232, guid: 93170d2c6bae948ca90b9b8188e02816, type: 3}
      propertyPath: m_Name
      value: Engine
      objectReference: {fileID: 0}
    - target: {fileID: 4000014107537954, guid: 93170d2c6bae948ca90b9b8188e02816, type: 3}
      propertyPath: m_LocalPosition.x
      value: -0.74
      objectReference: {fileID: 0}
    - target: {fileID: 4000014107537954, guid: 93170d2c6bae948ca90b9b8188e02816, type: 3}
      propertyPath: m_LocalPosition.y
      value: 0
      objectReference: {fileID: 0}
    - target: {fileID: 4000014107537954, guid: 93170d2c6bae948ca90b9b8188e02816, type: 3}
      propertyPath: m_LocalPosition.z
      value: -1.18
      objectReference: {fileID: 0}
    - target: {fileID: 4000014107537954, guid: 93170d2c6bae948ca90b9b8188e02816, type: 3}
      propertyPath: m_LocalRotation.x
      value: -0
      objectReference: {fileID: 0}
    - target: {fileID: 4000014107537954, guid: 93170d2c6bae948ca90b9b8188e02816, type: 3}
      propertyPath: m_LocalRotation.y
      value: -0
      objectReference: {fileID: 0}
    - target: {fileID: 4000014107537954, guid: 93170d2c6bae948ca90b9b8188e02816, type: 3}
      propertyPath: m_LocalRotation.z
      value: -0
      objectReference: {fileID: 0}
    - target: {fileID: 4000014107537954, guid: 93170d2c6bae948ca90b9b8188e02816, type: 3}
      propertyPath: m_LocalRotation.w
      value: 1
      objectReference: {fileID: 0}
    - target: {fileID: 4000014107537954, guid: 93170d2c6bae948ca90b9b8188e02816, type: 3}
      propertyPath: m_RootOrder
      value: 0
      objectReference: {fileID: 0}
    - target: {fileID: 4000014107537954, guid: 93170d2c6bae948ca90b9b8188e02816, type: 3}
      propertyPath: m_LocalEulerAnglesHint.x
      value: 0
      objectReference: {fileID: 0}
    - target: {fileID: 4000014107537954, guid: 93170d2c6bae948ca90b9b8188e02816, type: 3}
      propertyPath: m_LocalEulerAnglesHint.y
      value: 0
      objectReference: {fileID: 0}
    - target: {fileID: 4000014107537954, guid: 93170d2c6bae948ca90b9b8188e02816, type: 3}
      propertyPath: m_LocalEulerAnglesHint.z
      value: 0
      objectReference: {fileID: 0}
    - target: {fileID: 4000014107537954, guid: 93170d2c6bae948ca90b9b8188e02816, type: 3}
      propertyPath: m_LocalScale.x
      value: 20.448248
      objectReference: {fileID: 0}
    - target: {fileID: 4000014107537954, guid: 93170d2c6bae948ca90b9b8188e02816, type: 3}
      propertyPath: m_LocalScale.y
      value: 20.448248
      objectReference: {fileID: 0}
    - target: {fileID: 4000014107537954, guid: 93170d2c6bae948ca90b9b8188e02816, type: 3}
      propertyPath: m_LocalScale.z
      value: 20.448248
      objectReference: {fileID: 0}
    - target: {fileID: 198000012285952742, guid: 93170d2c6bae948ca90b9b8188e02816,
        type: 3}
      propertyPath: prewarm
      value: 1
      objectReference: {fileID: 0}
    - target: {fileID: 198000012285952742, guid: 93170d2c6bae948ca90b9b8188e02816,
        type: 3}
      propertyPath: startDelay.maxCurve.m_Curve.Array.data[0].value
      value: 0
      objectReference: {fileID: 0}
    - target: {fileID: 198000012285952742, guid: 93170d2c6bae948ca90b9b8188e02816,
        type: 3}
      propertyPath: startDelay.maxCurve.m_Curve.Array.data[1].value
      value: 0
      objectReference: {fileID: 0}
    m_RemovedComponents: []
  m_SourcePrefab: {fileID: 100100000, guid: 93170d2c6bae948ca90b9b8188e02816, type: 3}
--- !u!4 &8848190058701815673 stripped
Transform:
  m_CorrespondingSourceObject: {fileID: 4000014107537954, guid: 93170d2c6bae948ca90b9b8188e02816,
    type: 3}
  m_PrefabInstance: {fileID: 8846512258850327899}
  m_PrefabAsset: {fileID: 0}
